 Dungeon Crawl Stone Soup version 0.31-a0-441-g867994ef1c (webtiles) character file.

Game seed: 9054313194935716290

1728 Flugkiller the Grave Robber (level 8, -3/43 (48) HPs)
             Began as a Deep Elf Shapeshifter on Aug 2, 2023.
             Slain by a wight
             ... wielding a +3 flail
              (6 damage)
             ... on level 6 of the Dungeon.
             The game lasted 00:08:55 (6210 turns).

Flugkiller the Grave Robber (Deep Elf Shapeshifter) Turns: 6210, Time: 00:08:56

HP:   -3/43 (48)    AC:  3    Str: 12    XL:     8   Next: 76%
MP:   14/14         EV: 14    Int: 14    God:
Gold: 313           SH:  0    Dex: 17    Spells: 9/13 levels left

rFire   . . .        e - +2 dagger (elec)
rCold   + . .        (no shield)
rNeg    . . .        n - +0 leather armour
rPois   .            (helmet currently unavailable)
rElec   .            (cloak currently unavailable)
rCorr   .            (gloves currently unavailable)
SInv    .            (boots currently unavailable)
Will    .....        j - amulet of regeneration
Stlth   ++           p - ring of protection from cold
HPRegen 1.07/turn    (no ring)
MPRegen 0.14/turn

%: no passive effects
@: beast-form, heavily drained
A: beast (slay +3)
a: Begin Untransformation


You were on level 6 of the Dungeon.
You were a hulking beast.
You visited 1 branch of the dungeon, and saw 7 of its levels.

You collected 313 gold pieces.

Inventory:

Hand Weapons
 e - a +2 dagger of electrocution (weapon)
   (You found it on level 1 of the Dungeon)
 i - a +2 dagger of pain
   (You took it off an orc on level 4 of the Dungeon)
 m - the +4 dagger "Pendulum" {pain, rElec rN++ Int+4 Stlth-}
   (You found it on level 3 of the Dungeon)

   Int:       It affects your intelligence (+4).
   rElec:     It insulates you from electricity.
   rN:        It greatly protects you from negative energy.
   Stlth:     It makes you less stealthy.
Armour
 n - a +0 leather armour (worn)
   (You found it on level 3 of the Dungeon)
Jewellery
 j - an amulet of regeneration (around neck)
   (You found it on level 2 of the Dungeon)
 p - a ring of protection from cold (left hand)
   (You found it on level 4 of the Dungeon)
Talismans
 c - a beast talisman (active)
Wands
 h - a wand of charming (11)
   (You found it on level 4 of the Dungeon)
 q - a wand of flame (39)
   (You found it on level 4 of the Dungeon)
 u - a wand of quicksilver (6)
   (You found it on level 4 of the Dungeon)
Scrolls
 b - a scroll of vulnerability
 f - 3 scrolls of poison
 k - a scroll of immolation
 o - 2 scrolls of revelation
 r - a scroll of identify
 s - a scroll of enchant armour
 t - 4 scrolls of teleportation
 v - a scroll of blinking {unknown}
Potions
 a - a potion of attraction
 d - 2 potions of brilliance
 g - a potion of mutation
 l - a potion of resistance {unknown}


   Skills:
 + Level 3.8 Fighting
 - Level 5.0 Short Blades
 + Level 5.2 Dodging
 + Level 2.2 Stealth
 - Level 2.4 Unarmed Combat
 - Level 3.0 Spellcasting
 - Level 6.0 Necromancy
 + Level 2.8 Evocations
 - Level 5.0 Shapeshifting


You had 9 spell levels left.
You knew the following spells:

 Your Spells              Type           Power      Damage    Failure   Level
a - Necrotise             Necr           72%        1d7       2%          1
b - Vampiric Draining     Necr           18%        2d7       7%          3

Your spell library contained the following spells:

 Spells                   Type           Power      Damage    Failure   Level
 Blink                    Tloc           4%         N/A       38%         2
 Agony                    Necr           18%        N/A       54%         5
 Animate Armour           Summ/Erth      4%         N/A       95%         4
 Manifold Assault         Tloc           2%         N/A       95%         4
 Summon Lightning Spire   Summ/Air       2%         N/A       95%         4
 Lee's Rapid Deconstruct  Erth           1%         3d4*      100%        5


Dungeon Overview and Level Annotations

Branches:
Dungeon (7/15) Zot: 26771  Temple (0/1) D:4

Altars:
Xom

Shops:
D:6 :


Message History

You see here a +0 mace.
There is a stone staircase leading down here.
You climb downwards.
The bullfrog gives a loud, deep croak!
Found an orcbow.
There is a stone staircase leading up here.
You hit the bullfrog.
The bullfrog is lightly wounded.
The bullfrog hits you. The bullfrog closely misses you.
You puncture the bullfrog!
The bullfrog writhes in agony.
The bullfrog is heavily wounded.
The bullfrog barely misses you.
You hit the bullfrog.
The bullfrog is almost dead.
The bullfrog hits you but does no damage.
You barely miss the bullfrog.
The bullfrog is almost dead.
The bullfrog closely misses you.
You hit the bullfrog.
You kill the bullfrog!
Your Dodging skill increases to level 5!
No target in view!
Found 4 poisoned darts.
You see here a bullfrog corpse.
Found a scroll of identify.
A sky beast comes into view.
You see here a scroll of identify.
r - a scroll of identify You hit the sky beast.
The sky beast writhes in agony.
The sky beast is lightly wounded.
The sky beast hits you but does no damage.
You hit the sky beast but do no damage.
The sky beast is lightly wounded.
You closely miss the sky beast. You punch the sky beast.
The sky beast is moderately wounded.
The sky beast hits you but does no damage.
You hit the sky beast.
The sky beast writhes in agony.
The sky beast is heavily wounded.
The sky beast closely misses you.
You hit the sky beast.
The sky beast is severely wounded.
The sky beast closely misses you.
You puncture the sky beast!
The sky beast writhes in agony.
The sky beast is almost dead.
The sky beast flickers out of sight!
Deactivating autopickup; reactivate with Ctrl-A.
Something hits you but does no damage. Something hits you.
Something shocks you. You resist.
An iguana comes into view.
The iguana hisses angrily.
Something barely misses you. Something hits you but does no damage.
The wight attacks as you move away! The wight barely misses you.
Something hits you. Something shocks you. You resist.
The wight attacks as you move away! The wight misses you.
You hit something.
Reactivating autopickup.
You feel a bit more experienced.
Your Stealth skill increases to level 2!
You hit the iguana.
The iguana writhes in agony.
The iguana is moderately wounded.
The iguana closely misses you.
You closely miss the iguana.
The iguana is moderately wounded.
The iguana bites you!
You closely miss the iguana.
The iguana is moderately wounded.
The iguana bites you.
You closely miss the iguana.
The iguana is moderately wounded.
You hit the iguana.
The iguana is heavily wounded.
The iguana closely misses you.
You puncture the iguana!
You kill the iguana!
The wight attacks as you move away! The wight hits you with a +3 flail!
You partially resist.
You feel drained. The wight attacks as you move away!
The wight barely misses you. The wight attacks as you move away!
The wight hits you with a +3 flail. The wight attacks as you move away!
The wight hits you with a +3 flail. You partially resist.
You feel drained. The wight attacks as you move away!
The wight hits you with a +3 flail. You partially resist.
You feel drained.
There is a stone staircase leading up here.
The wight hits you with a +3 flail!
You climb upwards.
There is a stone staircase leading down here.
You hear the crackle of electricity.
e - a +2 dagger of electrocution (weapon)
You completely miss the wight. The wight completely misses you.
You closely miss the wight. The wight hits you with a +3 flail!
* * * LOW HITPOINT WARNING * * *
You feel drained. The wight hits you with a +3 flail!
* * * LOW HITPOINT WARNING * * *
Okay, then.
Okay, then.
Okay, then.
You barely miss the wight. The wight hits you with a +3 flail.
You die...

# #.#......#.#...#..............
# #.#......#...#.####..#########
# #.#......#..#.[# #.## #...... #
#.#......###..### #.# #...... #
#.#.......##.##.###.####...... #
#.#...........#.##............ #
#.#...........#.##............ #
#.............'.##............
######..........h####............
.................z...............
##################>..#######.)...
#...........#.#.## #.....
#.####.⌠.⌠..#.#..## ###.##
#.#<##......#.##..# #.#
#.#.....∩...#.###.# #.#
#.#........##.###.#######.#
#......⌠.⌠.'......##.....)#


You could see a wight.

Vanquished Creatures
  Menkaure (D:4)
  A water moccasin (D:6)
  An ice beast (D:6)
  2 ogres
  2 sky beasts
  A phantom (D:5)
  A centaur (D:6)
  3 scorpions (D:6)
  2 bullfrogs
  A water moccasin zombie (D:3)
  2 hounds (D:6)
  2 orc priests
  3 jellies (D:4)
  A sleepcap (D:6)
  Natasha (thrice) (D:2)
  2 iguanas
  7 adders
  2 ufetubi
  3 adder skeletons (D:3)
  2 dart slugs
  7 orcs
  2 bats
  5 endoplasms
  A giant cockroach (D:4)
  11 goblins
  7 hobgoblins
  8 jackals
  4 quokkas
  9 ball pythons
  2 frilled lizards
  A giant cockroach zombie (D:3)
  8 kobolds
  A quokka skeleton (D:3)
  5 rats
113 creatures vanquished.

Notes
Turn   | Place    | Note
-------+----------+-------------------------------------------
     0 | D:1      | Flugkiller the Deep Elf Shapeshifter began the quest for
                  | the Orb.
     0 | D:1      | Reached XP level 1. HP: 11/11 MP: 3/3
    17 | D:1      | Reached skill level 1 in Fighting
   180 | D:1      | Reached XP level 2. HP: 10/17 MP: 4/4
   843 | D:2      | Reached skill level 1 in Short Blades
  1110 | D:2      | Reached XP level 3. HP: 21/21 MP: 5/5
  1319 | D:2      | Reached XP level 4. HP: 24/26 MP: 6/6
  2489 | D:3      | Noticed Natasha
  2523 | D:3      | Reached XP level 5. HP: 16/31 MP: 7/7
  2562 | D:2      | Killed Natasha
  2617 | D:2      | Noticed Natasha
  2620 | D:2      | Killed Natasha
  2662 | D:2      | Noticed Natasha
  2899 | D:2      | Killed Natasha
  3085 | D:3      | Identified the +4 dagger "Pendulum" {pain, rElec rN++ Int+4
                  | Stlth-}
  3492 | D:3      | Learned a level 1 spell: Necrotise
  3773 | D:4      | Noticed an ogre
  3928 | D:4      | Killed an ogre
  3929 | D:4      | Reached skill level 1 in Spellcasting
  3929 | D:4      | Reached skill level 1 in Necromancy
  3929 | D:4      | Reached XP level 6. HP: 19/36 MP: 7/9
  4188 | D:4      | Found a staircase to the Ecumenical Temple.
  4331 | D:4      | Noticed Menkaure
  4343 | D:4      | Killed Menkaure
  4344 | D:4      | Reached skill level 2 in Necromancy
  4344 | D:4      | Reached XP level 7. HP: 9/41 MP: 10/12
  4550 | D:5      | Entered Level 5 of the Dungeon
  5133 | D:5      | Reached skill level 3 in Necromancy
  5479 | D:6      | Reached skill level 4 in Necromancy
  5479 | D:6      | Reached skill level 5 in Shapeshifting
  5501 | D:6      | Reached skill level 5 in Short Blades
  5501 | D:6      | Reached XP level 8. HP: 15/46 MP: 14/14
  5577 | D:6      | Reached skill level 5 in Necromancy
  5659 | D:6      | Found Coppicue's Vocational Training.
  5732 | D:6      | Reached skill level 6 in Necromancy
  5743 | D:6      | Learned a level 3 spell: Vampiric Draining
  5758 | D:6      | Reached skill level 1 in Evocations
  5796 | D:6      | Found a shimmering altar of Xom.
  5985 | D:6      | Reached skill level 1 in Stealth
  6156 | D:7      | Reached skill level 5 in Dodging
  6208 | D:6      | HP: 2/43 [wight/+3 flail (7)]
  6210 | D:6      | Slain by a wight

Illustrated notes

Levels and vault maps discovered:
D:1:      minmay_arrival_up_and_down, layout_basic
D:2:      layout_basic
D:3:      layout_basic, dilly_guarded_unrand_morg
D:4:      minmay_inner_zag, layout_loops_ring, temple_hall, uniq_menkaure
D:5:      layout_basic
D:6:      layout_basic, marbit_many_paths, nicolae_shop_vocational
D:7:      layout_cave_pools, grunt_temple_overflow_gold_and_silver,
          nicolae_overflow_hidden_temple

Skill      XL: |  1  2  3  4  5  6  7  8 |
---------------+-------------------------+-----
Fighting       | 1 2 3 |  3.8
Short Blades   | 1 2 3 5 |  5.0
Dodging        | 3 4 5 |  5.2
Spellcasting   | 1 2 3 |  3.0
Necromancy     | 1 2 4 6 |  6.0
Shapeshifting  | 4 5 |  5.0
Evocations     | 2 |  2.8
Stealth        | 2 |  2.2
Unarmed Combat | |  2.4

Action                     |  1- 3 |  4- 6 |  7- 9 || total
---------------------------+-------+-------+-------++-------
  Melee: Unarmed           |    24 |       |       ||    24
         Punch             |     2 |     3 |     1 ||     6
         Dagger            |    61 |   154 |   126 ||   341
   Cast: Necrotise         |       |    12 |     7 ||    19
  Evoke: Wand              |       |     3 |     2 ||     5
    Use: Scroll            |     3 |     3 |     4 ||    10
         Potion            |     1 |     3 |     3 ||     7
   Stab: Sleeping          |     4 |     2 |       ||     6
         Invisible         |       |       |     1 ||     1
 Armour: Animal skin       |     7 |    11 |       ||    18
         Skin              |     2 |       |       ||     2
         Leather armour    |       |     7 |    20 ||    27
  Dodge: Dodged            |    38 |    77 |    78 ||   193

Table legend: (Time is in decaauts)
 A = Elapsed time spent in this place.
 B = Non-inter-level travel time spent in this place.
 C = Inter-level travel time spent in this place.
 D = Time resting spent in this place.
 E = Time spent auto-exploring this place.
 F = Levels seen in this place.
 G = Mean time per level.
                   A        B        C        D        E       F      G
               +--------+--------+--------+--------+--------+-----+--------+
         Total |   6154 |   5647 |    507 |    538 |   3861 |   7 |  879.1 |
       Dungeon |   6154 |   5647 |    507 |    538 |   3861 |   7 |  879.1 |
               +--------+--------+--------+--------+--------+-----+--------+

Top non-repeatable levels by time:
     D:3: 1326 daAuts
     D:2: 1188 daAuts
     D:4: 1186 daAuts
     D:1: 823 daAuts
     D:6: 791 daAuts
     D:5: 780 daAuts
     D:7: 57 daAuts
